 Dungeon Crawl Stone Soup version 0.28-a0-1555-g9ae15a6949 (webtiles) character file.

Game seed: 6781519422630211192

46 mordus the Shield-Bearer (level 3, 0/29 HPs)
             Began as a Formicid Fighter on Jan 18, 2022.
             Slain by an orc (1 damage)
             ... on level 3 of the Dungeon.
             The game lasted 00:01:15 (1771 turns).

mordus the Shield-Bearer (Formicid Fighter)         Turns: 1771, Time: 00:01:16

Health: 0/29       AC:  9    Str: 22    XL:     3   Next: 92%
Magic:  3/3        EV:  9    Int:  7    God:
Gold:   35         SH:  4    Dex: 10    Spells: 2/2 levels left

rFire   . . .      SeeInvis +   a - +0 long sword
rCold   . . .      Faith    .   c - +0 buckler
rNeg    . . .      Spirit   .   b - +0 scale mail
rPois   .          Reflect  .   (helmet unavailable)
rElec   .          Harm     .   (no cloak)
rCorr   .          Rampage  .   k - +0 pair of gloves
Will    .....                   j - +0 pair of boots
Stlth   ..........              (no amulet)
HPRegen 0.09/turn               (no ring)
MPRegen 0.08/turn               (no ring)

@: no status effects
A: permanent stasis, dig shafts and tunnels, antennae 3, four strong arms
a: Dig, Shaft Self


You were on level 3 of the Dungeon.
You visited 1 branch of the dungeon, and saw 3 of its levels.

You collected 35 gold pieces.

Inventory:

Hand Weapons
 a - a +0 long sword (weapon)
Armour
 b - a +0 scale mail (worn)
 c - a +0 buckler (worn)
 j - a +0 pair of boots (worn)
 k - a +0 pair of gloves (worn)
Scrolls
 e - a scroll of enchant armour {unknown}
 h - a scroll of fog {unknown}
 i - a scroll of enchant weapon {unknown}
Potions
 d - a potion of might
 f - a potion of haste {unknown}
 g - a potion of heal wounds {unknown}
 l - a potion of resistance {unknown}


   Skills:
 - Level 3.2 Fighting
 * Level 3.1 Long Blades
 + Level 3.7 Armour
 + Level 4.1 Shields


You had 2 spell levels left.
You didn't know any spells.
Your spell library contained the following spells:

 Spells                   Type           Power      Damage    Failure   Level
 Sting                    Tmut/Pois      0%         1d3       82%         1
 Poisonous Vapours        Pois/Air       0%         N/A       91%         2
 Call Canine Familiar     Summ           0%         N/A       99%         3
 Portal Projectile        Hex/Tloc       0%         N/A       99%         3
 Leda's Liquefaction      Hex/Erth       0%         N/A       100%        4
 Olgreb's Toxic Radiance  Pois           0%         N/A       100%        4


Dungeon Overview and Level Annotations

Branches:
Dungeon (3/15)

Altars:
Fedhas


Innate Abilities, Weirdness & Mutations

You cannot be hasted, slowed, berserked, paralysed or teleported.
You can dig through walls and to a lower floor.
You have a pair of large antennae on your head. (SInv)
Your four strong arms can wield two-handed weapons with a shield.


Message History

No target in view!
l - a red potion No target in view!
You sense a monster nearby.
No target in view!
A quokka comes into view.
An orc comes into view. It is wielding a +0 club.
The orc shouts!
You hear a shout!
An orc comes into view. It is wielding a +0 club.
An orc comes into view. It is wielding a +0 dagger.
An orc priest comes into view. It is wielding a +0 hand axe.
The orc shouts!
There are monsters nearby!
You closely miss the quokka.
The quokka bites you but does no damage.
The orc priest calls down the wrath of Beogh upon you.
Beogh smites you!
There are monsters nearby!
There are monsters nearby!
You closely miss the quokka. The quokka barely misses you.
The orc priest invokes the aid of Beogh against you.
Beogh smites you! The quokka barely misses you.
There are monsters nearby!
You closely miss the orc. The quokka barely misses you.
The orc barely misses you.
The quokka bites you but does no damage.
The orc hits you but does no damage.
You barely miss the orc.
The quokka bites you but does no damage.
The orc barely misses you. The quokka barely misses you.
You hit the orc.
The orc is severely wounded.
You block the orc's attack.
The quokka bites you but does no damage.
The orc priest calls down the wrath of Beogh upon you.
Beogh smites you!
* * * LOW HITPOINT WARNING * * *
The orc hits you but does no damage. The orc hits you with a +0 dagger.
You die...

8. #.8..##
{..#####......#
o............
#!.......#
#......#..
#####o.........
#...oro.....##. ##
#....o.....## ..###
#...@....#..# #
...#####..##.#.## ..
#.#......# .# # #..#
#.......## ## #
#..###..##### ##.
#..#...## ###
...####.......#)...
.........##.#.......
(.........#.#.......


You could see an orc priest, 3 orcs and a quokka.

Vanquished Creatures
  A worm (D:2)
  2 dart slugs
  7 endoplasms
  2 giant cockroaches
  3 goblins
  3 jackals (D:2)
  6 kobolds
  2 ball pythons (D:1)
  4 bats
  2 frilled lizards
  6 rats
38 creatures vanquished.

Notes
Turn   | Place    | Note
-------+----------+-------------------------------------------
     0 | D:1      | mordus the Formicid Fighter began the quest for the Orb.
     0 | D:1      | Reached XP level 1. HP: 18/18 MP: 1/1
   188 | D:1      | Reached XP level 2. HP: 23/24 MP: 2/2
   522 | D:1      | Reached XP level 3. HP: 29/29 MP: 3/3
   660 | D:1      | Reached skill level 4 in Shields
  1000 | D:2      | Found a blossoming altar of Fedhas.
  1770 | D:3      | HP: 1/29 [orc priest/divine providence (14)]
  1771 | D:3      | Slain by an orc

Illustrated notes

Levels and vault maps discovered:
D:1:      minmay_arrival_four_houses, layout_loops_ring
D:2:      layout_basic, basic_altar
D:3:      layout_rooms, nicolae_overflow_ecumenical_swirl,
          hellmonk_ecumenical_altar_slurped_away, amethyst_killhole,
          dk_vineyard_1, kennysheep_pointless_box, serial_bayou_pond_b,
          grunt_ministairs_13, minivault_24, uniq_terence

Skill      XL: |  1  2  3 |
---------------+----------+-----
Shields        | 4 |  4.1
Long Blades    | 3 |  3.1
Fighting       | |  3.2
Armour         | |  3.7

Action                   || total
-------------------------++-------
Melee: Long sword        ||    96
Armor: Scale mail        ||    41
Dodge: Dodged            ||    43
Block: Buckler           ||    22

Table legend: (Time is in decaauts)
 A = Elapsed time spent in this place.
 B = Non-inter-level travel time spent in this place.
 C = Inter-level travel time spent in this place.
 D = Time resting spent in this place.
 E = Time spent auto-exploring this place.
 F = Levels seen in this place.
 G = Mean time per level.
                   A        B        C        D        E       F      G
               +--------+--------+--------+--------+--------+-----+--------+
         Total |   1799 |   1724 |     75 |    100 |   1341 |   3 |  599.7 |
       Dungeon |   1799 |   1724 |     75 |    100 |   1341 |   3 |  599.7 |
               +--------+--------+--------+--------+--------+-----+--------+

Top non-repeatable levels by time:
     D:1: 951 daAuts
     D:2: 799 daAuts
     D:3: 48 daAuts
